[Event "LV Capablanca Memorial Premier 2022"]
[Site "La Habana"]
[Date "2022.04.25"]
[Round "6.4"]
[White "Bulmaga, Irina"]
[Black "Lujan, Carolina"]
[Result "1-0"]
[ECO "B22"]
[WhiteElo "2390"]
[BlackElo "2334"]
[Annotator "TA"]
[PlyCount "143"]
[EventDate "2022.04.20"]
[EventType "tourn"]
[EventCountry "CUB"]
[SourceTitle "playchess.com"]
[Source "ChessBase"]
[SourceQuality "1"]
[TimeControl "40/5400+30:1800+30"]

1. e4 c5 2. c3 Nf6 3. e5 Nd5 4. Nf3 e6 5. d4 cxd4 6. cxd4 d6 7. Bc4 Nc6 8. O-O Be7 9. Qe2 O-O 10. Nc3 Nxc3 11. bxc3 dxe5 12. dxe5 Qc7 13. Bd3 b6 {[%emt 0:04:02] B22: Sicilian: 2 c3.} 14. Re1 $1 {[%emt 0:18:58] 14.Re1 scores better than 14.Qe4.} Bb7 15. Ng5 Bxg5 {[%emt 0:21:12] The position is equal.} 16. Bxg5 $40 {[%emt 0:00:09][%mdl 128] White mounts an attack.} Nxe5 {[%emt 0:08:32] has lost popularity (16...Ne7).} 17. Qxe5 Qxe5 {[%emt 0:00:09][%mdl 64] Remove Defender} 18. Rxe5 f6 19. Rxe6 fxg5 20. Bc4 Kh8 21. Re7 Rac8 22. Bb3 Ba8 23. Rxa7 Rxc3 {[%emt 0:00:31] [#]} 24. Re1 $146 (24. h3 $16) ({Predecessor:} 24. h3 Rfc8 25. Kh2 R3c7 26. Rxc7 Rxc7 27. Rd1 Rc8 28. Rd6 Rb8 29. f3 g6 30. Rd7 {½-½ (72) Senador,E (2390)-Sukandar,I (2262) Manila 2008}) 24... g4 $11 25. Rf7 Rfc8 26. Kf1 (26. Rfe7 $5 Rc1 27. h4 $14) 26... Bc6 27. Ree7 Bb5+ 28. Ke1 Rd8 {[%emt 0:00:35] ( -> ...Rc1+)} 29. f3 gxf3 30. gxf3 Rc1+ (30... Bc4 $11 31. Bxc4 (31. Rxg7 Rc1+ 32. Kf2 Rf1+ 33. Kg2 Rd2+ 34. Kh3 Bxb3 $14) 31... Rxc4) 31. Kf2 $16 Rg8 32. Rf4 {[%emt 0:06:55] Prevents Bc4. And now a4 would win.} Rd8 33. Rff7 (33. Rb4 $5 Rf1+ 34. Kg2 Rd2+ 35. Kg3 Rg1+ 36. Kf4 g5+ 37. Ke5 Re1+ 38. Kf6 Rxe7 39. Kxe7 $16) 33... Rg8 $1 34. Rb7 Bc4 35. Rfc7 b5 36. a4 $1 Ra1 (36... Rf1+ 37. Kg2 Ra1 38. Bxc4 bxc4 39. Rxc4) 37. Bxc4 bxc4 38. Rxc4 {[%emt 0:00:33][%mdl 4096] Endgame KRR-KRR} Ra2+ 39. Kg3 Ra8 ({Better is} 39... Ra3 40. Ra7 h6) 40. Ra7 Rf8 41. Rcc7 Ra1 42. Rf7 (42. Rxg7 $2 Rg1+ 43. Kh4 Rxg7 $19) 42... Re8 (42... Rd8 $142 43. a5 (43. Rxg7 $2 Rg1+ 44. Kf4 Rxg7 $19) 43... h6) 43. Kf4 Rg8 44. a5 h6 45. h4 Rh1 46. Kg4 {[%emt 0:02:06] Threatens to win with Kh5.} Rg1+ {[%emt 0:04:01] [#]} ({Black should play} 46... Rc8 47. a6 Rg1+ 48. Kf4 Ra1) 47. Kh3 (47. Kf5 $1 $16) 47... Rh1+ {[%emt 0:00:07] [#]} 48. Kg3 $1 {[%emt 0:00:08] &Bianco is more active.} Rg1+ 49. Kh2 Rg6 50. Rf4 Rc8 $1 51. Rg4 Rc2+ $2 {[%emt 0:02:40] Loses the game.} (51... Rxg4 $16 52. fxg4 h5 53. gxh5 Kh7) 52. Kg3 $18 Rxg4+ 53. Kxg4 {[%emt 0:01:46] Hoping for h5. KR-KR} Rc5 (53... Kh7 {is a better defense.} 54. f4 Rg2+ 55. Kf3 Rg1) 54. h5 Rg5+ 55. Kh4 Rf5 56. a6 Ra5 57. f4 {[%emt 0:00:26][%cal Bf3f4,Bf4f5][%mdl 32] Black must now prevent Ra8+.} Kh7 (57... Kg8 $142 58. Kg3 Kf8) 58. Kg4 Kg8 59. f5 {[%emt 0:01:30] aiming for Kf4.} Kh8 $2 (59... Ra4+ $18 60. Kf3 Kf8 61. Ra8+ Ke7) 60. Kf4 (60. Ra8+ $142 Kh7 61. a7 Ra3 62. Kf4 Ra5 63. Ke4 Ra6 64. Kd3 Ra3+ 65. Kc4) 60... Kg8 61. Ke4 Kh8 62. Kd4 Rxf5 63. Rb7 {[%emt 0:00:10] White mates.} Ra5 64. a7 Kh7 65. Kc4 Ra1 66. Kb5 Rb1+ 67. Kc6 Rc1+ 68. Kd7 Ra1 69. Kc8 Rf1 70. Rd7 Ra1 71. Kb8 Rb1+ 72. Rb7 {[%emt 0:00:07] Weighted Error Value: White=0.19 (very precise) /Black=0.37} 1-0

[Event "LV Capablanca Memorial Premier 2022"]
[Site "La Habana"]
[Date "2022.04.25"]
[Round "6.5"]
[White "Cori Tello, Deysi"]
[Black "Miranda Llanes, Yerisbel"]
[Result "0-1"]
[ECO "A20"]
[WhiteElo "2391"]
[BlackElo "2261"]
[Annotator "TA"]
[PlyCount "76"]
[EventDate "2022.04.20"]
[EventType "tourn"]
[EventCountry "CUB"]
[SourceTitle "playchess.com"]
[Source "ChessBase"]
[SourceQuality "1"]
[TimeControl "40/5400+30:1800+30"]

1. c4 e5 2. g3 c6 3. d4 e4 4. Nc3 d5 5. cxd5 cxd5 6. Qb3 {[%emt 0:00:04] A20: English Opening: 1...e5.} Nc6 7. Qxd5 (7. Nxd5 $2 Be6 8. e3 Bxd5 $19) 7... Qxd5 8. Nxd5 {[%emt 0:00:03] The position is equal.} Nxd4 {[%emt 0:00:13] White should prevent ...Nc2+.} 9. Nc7+ Kd8 10. Nxa8 {[%emt 0:00:08] Bg5+ is the strong threat.} Nc2+ 11. Kd1 Nxa1 12. Be3 Be6 {[%emt 0:06:00] aiming for ...Nf6.} 13. Bxa7 Bxa2 14. Bg2 {[%emt 0:27:54] [#]} ({White should try} 14. e3 $15) 14... Nf6 $146 {[%emt 0:09:04] And now ...Bb4 would win.} ({Predecessor:} 14... f5 15. Bb6+ Kd7 16. Ba5 Nf6 17. Nh3 Nb3 18. Bc3 Bc5 {0-1 (18) Forster,R (2459)-Volke,K (2455) Switzerland 2012}) 15. Bd4 {[%emt 0:01:54] [#]} (15. e3 $17) 15... Bb4 $1 $19 {[%emt 0:07:41] White must now prevent ...Ke7.} (15... Bb3+ 16. Kc1 $17) 16. e3 ({Much weaker is} 16. Bxf6+ gxf6 17. Bxe4 Ke7) 16... Bb3+ (16... Ke7 $19 17. Nb6 Rd8) 17. Ke2 $2 (17. Kc1 $17 {was forced.}) 17... Bc4+ 18. Kd1 Bb3+ 19. Ke2 Bc4+ 20. Kd1 Re8 {[%emt 0:02:17] Strongly threatening ...Re6.} 21. Nb6 Bb3+ 22. Ke2 $2 (22. Kc1 Ba5 23. Ne2) 22... Nc2 23. Bxf6+ gxf6 24. Bh3 f5 25. Bxf5 Re5 26. g4 Kc7 27. Nd7 Rd5 28. Bxe4 Rxd7 29. Nh3 {[%emt 0:00:38] [#]} (29. Kf3 {was the only chance.}) 29... h6 (29... Ne1 $142 $1 {[%mdl 512] ( -> ...Bc4+)} 30. Kf1 Bc4+ 31. Kg1 Rd1) 30. Rc1 {[%emt 0:00:31] [#]} Kb6 $1 31. Nf4 (31. Bd3 Rc7) 31... Rd2+ 32. Kf3 Bd6 33. Ne2 Nb4 ({Not} 33... Bxh2 $2 34. Ng3 Bxg3 35. Kxg3 $19) 34. Nd4 Bd1+ ({Don't go for} 34... Rxb2 $2 35. Nxb3 Rxb3 36. Rc8 $17) 35. Kg2 Bxg4 36. b3 $2 (36. Nf5) 36... Nd3 {[%emt 0:01:31] Black is clearly winning.} 37. Bxd3 Rxd3 38. Rc4 Bd7 {[%emt 0:02:19] Weighted Error Value: White=0.46/Black=0.41} 0-1

[Event "LV Capablanca Memorial Premier 2022"]
[Site "La Habana"]
[Date "2022.04.26"]
[Round "7.1"]
[White "Miranda Llanes, Yerisbel"]
[Black "Hernandez Moya, Yuleisy"]
[Result "1-0"]
[ECO "A81"]
[WhiteElo "2261"]
[BlackElo "2250"]
[Annotator "TA"]
[PlyCount "81"]
[EventDate "2022.04.20"]
[EventType "tourn"]
[EventCountry "CUB"]
[SourceTitle "playchess.com"]
[Source "ChessBase"]
[SourceQuality "1"]
[TimeControl "40/5400+30:1800+30"]

1. d4 f5 2. g3 Nf6 3. Bg2 g6 4. Nf3 d6 5. O-O Bg7 6. b3 O-O 7. Bb2 c6 8. Nbd2 d5 {[%emt 0:03:50] A81: Dutch Defence: 2 g3.} 9. Ne5 Nbd7 10. Nd3 Ne4 {[%emt 0:06:04] White is slightly better.} 11. Nf3 {[%emt 0:07:01] [#]} e6 $146 ({Predecessor:} 11... Qb6 12. Rc1 g5 13. c4 g4 14. Nfe5 Nxe5 15. Nxe5 Be6 16. cxd5 cxd5 17. e3 Rac8 {½-½ (30) Kessler,L (2242)-Gruber,M (2155) Austria 2013}) 12. e3 g5 13. Qe2 a5 14. a4 Rf6 15. Nfe5 Rh6 16. f3 Nd6 17. e4 Nf7 (17... Nxe5 $14 18. dxe5 (18. Nxe5 Nf7 $14) 18... Nf7) 18. Rae1 (18. Nxf7 $142 Kxf7 19. Rfe1) 18... Ndxe5 19. dxe5 f4 20. exd5 {[%emt 0:05:15] And now d6 would win.} fxg3 21. hxg3 {[%emt 0:01:16] Strongly threatening d6.} cxd5 22. Qe3 {[%emt 0:00:00] Active counter play!} Bd7 23. Bd4 Bc6 (23... Rg6 $142) 24. Kf2 (24. f4 $16) 24... Rg6 25. Rh1 (25. Bb6 $5 Qc8 26. Kg1 $16) 25... b5 26. Nc5 {[%emt 0:00:46] aiming for Bf1.} (26. Bf1 $5 ) 26... Rc8 {[%emt 0:02:43] This move loses the game for Black.} (26... Bf8 $14) 27. Bf1 $1 $18 Qe8 (27... bxa4 $142 28. Bd3 (28. bxa4 Qf8 $16) 28... Qe8 29. Bxg6 (29. bxa4 Bf8 $16) (29. Nxa4 Bxa4 30. bxa4 Rh6 $16) 29... hxg6) 28. Bd3 Rh6 $2 (28... bxa4 29. Bxg6 (29. bxa4 Bf8 $16) (29. Nxa4 Bxa4 30. bxa4 Rh6 $16) 29... hxg6) 29. Rxh6 Bxh6 30. Rh1 {[%emt 0:00:00][%cal Oh1h6] Hoping for Rxh6!} Bg7 31. Bxh7+ Kf8 32. axb5 Bxb5 33. Bg6 Qe7 {[%emt 0:00:25] Inhibits Nb7.} 34. c3 ({Less strong is} 34. Rh7 Nh8 $18) 34... Be8 35. Nd3 Nh8 36. Bh7 {[%emt 0:02:28] White is clearly winning.} ({Resist} 36. Bxe8 Kxe8 37. Bc5 Qd8 $18) 36... Qd8 (36... Bg6 $142 37. Bc5 Rxc5) 37. Bb6 Qd7 38. Bc5+ Kf7 39. Qxg5 {[%emt 0:00:20] Threatening mate with Qf4+.} Rxc5 {[%emt 0:00:00] [#]} 40. Nxc5 (40. Rh6 $142 $1 Qc6 {[#]} (40... Qc8 41. Rf6+) 41. Rf6+ $1 Ke7 42. Qxg7+ Kd8 43. Nxc5 Qxc5+ 44. Kg2) 40... Qc7 {[%emt 0:00:00] [#]} 41. Qxg7+ $1 {[%mdl 512] Weighted Error Value: White=0.22 (precise) /Black=0.49} 1-0

[Event "LV Capablanca Memorial Premier 2022"]
[Site "La Habana"]
[Date "2022.04.26"]
[Round "7.3"]
[White "Arribas Robaina, Maritza"]
[Black "Bulmaga, Irina"]
[Result "0-1"]
[ECO "C54"]
[WhiteElo "2204"]
[BlackElo "2390"]
[Annotator "TA"]
[PlyCount "64"]
[EventDate "2022.04.20"]
[EventType "tourn"]
[EventCountry "CUB"]
[SourceTitle "playchess.com"]
[Source "ChessBase"]
[SourceQuality "1"]
[TimeControl "40/5400+30:1800+30"]

1. e4 e5 2. Nf3 Nc6 3. Bc4 Bc5 4. O-O Nf6 5. d3 d6 6. c3 a6 7. a4 h6 8. Be3 {[%emt 0:05:48] C54: Giuoco Piano: 4 c3 Nf6, main lines with 5 d4 and 5 d3.} Bxe3 9. fxe3 O-O 10. Nbd2 {[%emt 0:19:20] [#] The position is equal.} a5 $146 ({Predecessor:} 10... Be6 11. Bxe6 fxe6 12. Qb3 Qd7 13. d4 Kh7 14. Rad1 Rab8 15. Nc4 exd4 16. exd4 b5 17. axb5 axb5 {½-½ (33) Harikrishna,P (2731)-Svidler,P (2719) Hamburg 2019}) 11. Qe1 Be6 12. Bxe6 fxe6 13. Qg3 Qe8 14. d4 exd4 15. exd4 Nh5 16. Qe1 e5 17. dxe5 Nxe5 18. Nd4 Nf4 19. Nf5 $2 {[%emt 0:04:42][%mdl 8192] Now White is beyond hope.} (19. Qe3 $15 g5 20. Kh1) 19... Ned3 $1 $19 20. Qh4 {[%emt 0:03:18] [#]} (20. Qe3 {was the only defense.} Rxf5 21. Kh1) 20... Rxf5 $1 21. exf5 Qe3+ 22. Rf2 Re8 {[%emt 0:04:58][%cal Ba8e8,Be8e2,Be2b2,Bb2a2,Ba2a4][%mdl 32] Hoping for ...Ne2+.} ({And not} 22... Nxf2 23. Qxf2 Qxf2+ 24. Kxf2 $17) 23. Nf3 Qxf2+ (23... Re4 24. Rd1 Ne2+ 25. Kf1 Nxc3 $1 26. bxc3 Rxh4) 24. Qxf2 Nxf2 25. Kxf2 {[%emt 0:00:51][%mdl 4096] Endgame KRN-KRN} Re2+ 26. Kg3 {[%emt 0:02:41] [#]} Nh5+ ({Not} 26... Nxg2 27. Rg1 Ne3 28. Nd4 Rxb2 29. Kf3 $17) 27. Kh4 Nf6 28. g4 (28. b4 $142) 28... Rxb2 (28... Rf2 $2 29. Nd4 $19) 29. Re1 (29. h3 $142 Rc2 30. Re1) 29... Ra2 {[%emt 0:00:39] Black is clearly winning.} 30. g5 Rxa4+ 31. Nd4 hxg5+ (31... Nd5 32. g6 Nf6 33. Kg3 $17) 32. Kxg5 Kf7 {[%emt 0:04:43] Inhibits Re7+.  Weighted Error Value: White=0.79/Black=0.20 (precise)} 0-1

[Event "LV Capablanca Memorial Premier 2022"]
[Site "La Habana"]
[Date "2022.04.26"]
[Round "7.4"]
[White "Ordaz Valdes, Lisandra Teresa"]
[Black "Hernandez Gil, Ineymig"]
[Result "0-1"]
[ECO "D30"]
[WhiteElo "2371"]
[BlackElo "2348"]
[Annotator "TA"]
[PlyCount "72"]
[EventDate "2022.04.20"]
[EventType "tourn"]
[EventCountry "CUB"]
[SourceTitle "playchess.com"]
[Source "ChessBase"]
[SourceQuality "1"]
[TimeControl "40/5400+30:1800+30"]

1. d4 d5 2. c4 e6 3. Nf3 a6 4. Nbd2 Nf6 5. g3 dxc4 6. Nxc4 {[%emt 0:01:54] D30: Queen's Gambit Declined: Systems without Nc3.} b5 7. Nce5 Bb7 8. Bg2 $1 {[%emt 0:00:17][%cal Oe5f7] aiming for Nxf7! White is slightly better.} Bd5 9. O-O Nbd7 {[%emt 0:11:47] [#]} 10. Nxf7 $146 ({Predecessor:} 10. Nxd7 Nxd7 11. Qc2 Be7 12. Bd2 c5 13. dxc5 Nxc5 14. Rfd1 Rc8 15. Bc3 O-O 16. Ne1 {½-½ (35) Seliverstov,V (2455)-Kozionov,K (2439) Moscow 2016}) 10... Kxf7 11. Ng5+ Ke7 $2 (11... Kg8 $11 12. e4 Bc4) 12. e4 $18 Bc4 13. e5 Bxf1 14. exf6+ (14. Qxf1 $18 {is the precise move to win.} Nd5 15. Bh3) 14... gxf6 $16 {[%emt 0:00:13] [#]} 15. Nxe6 $1 Kxe6 16. Kxf1 Bd6 $2 (16... Kf7 $2 17. Qh5+ Ke7 18. Qe2+ Ne5 19. dxe5 $18) (16... Ne5 $16) 17. Qb3+ $2 (17. Qe2+ Be5 18. dxe5 Nxe5 19. f4) 17... Ke7 $18 {[%emt 0:05:18] Threatens to win with ...Nb6.} 18. Bh6 {[%emt 0:00:49] Black must now prevent Re1+.} Qg8 {[%emt 0:01:56] And now ...Qxb3 would win.} 19. Re1+ Ne5 20. dxe5 fxe5 21. Bd5 Qg6 22. Qe3 (22. Bxa8 Qxh6 23. Bg2 Qxh2 $14) (22. Bf4 $18 Rae8 23. Bxe5 Bxe5 24. Rxe5+ Kd7 {[#]} 25. Be4 $1 ) 22... Rae8 23. Rc1 Qf5 24. Bg5+ {[%emt 0:01:26] This bishop pair is nice.} Kf8 25. Rxc7 $2 Bxc7 $19 {[%emt 0:00:29] Black is clearly winning.} 26. Qc5+ Kg7 27. Qxc7+ Kg6 28. Qc6+ (28. Kg2 $142 e4 29. Qb7) 28... Kxg5 29. h4+ Kg4 {[%emt 0:00:50] Strongly threatening ...e4.} 30. Be4 Qe6 31. Qb7 Re7 32. Bf3+ Kh3 33. Bg4+ Kxg4 34. Qe4+ Kh5 35. Kg2 Rc8 {[%emt 0:00:53] ( -> ...Qc6)} 36. f3 Kh6 {[%emt 0:00:30] Never resign too early!  Weighted Error Value: White=1.11/Black=0.60} 0-1

[Event "LV Capablanca Memorial Premier 2022"]
[Site "La Habana"]
[Date "2022.04.26"]
[Round "7.5"]
[White "Kiolbasa, Oliwia"]
[Black "Forgas Moreno, Yaniela"]
[Result "1/2-1/2"]
[ECO "B29"]
[WhiteElo "2388"]
[BlackElo "2303"]
[Annotator "TA"]
[PlyCount "93"]
[EventDate "2022.04.20"]
[EventType "tourn"]
[EventCountry "CUB"]
[SourceTitle "playchess.com"]
[Source "ChessBase"]
[SourceQuality "1"]
[TimeControl "40/5400+30:1800+30"]

1. e4 c5 2. Nf3 Nf6 3. Nc3 d5 4. exd5 Nxd5 5. Ne5 Nxc3 {[%emt 0:12:50] [#]} 6. dxc3 $146 {[%emt 0:01:01] B29: Sicilian: 2 Nf3 Nf6 (Nimzowitsch Variation).} ({Predecessor:} 6. bxc3 Nd7 7. Bb5 Qc7 8. Qe2 a6 9. Bxd7+ Bxd7 10. O-O e6 11. d3 Bd6 12. Bf4 O-O 13. Bg3 {1-0 (44) Mekhitarian,K (2554)-Agibileg,U (2433) Chess.com INT 2021}) 6... Qxd1+ 7. Kxd1 Nd7 8. Nc4 Nf6 9. Be3 Be6 10. Ne5 ({Stronger than} 10. Bxc5 Rc8 11. b4 b6 12. Nxb6 axb6 13. Bxb6 Nd5 $17) 10... O-O-O+ 11. Ke1 Nd5 12. Bxc5 f6 13. Nf3 b6 14. Ba6+ (14. Be3 $5) 14... Kc7 15. Be3 Nxe3 16. fxe3 Bd5 17. Ke2 e5 18. Rhd1 Be7 19. a4 g5 {[%emt 0:03:51] [#]} 20. b4 ({White should play} 20. a5 $1 $16) 20... h5 21. a5 Be4 (21... Kb8 $14) 22. Bd3 Bb7 {[%emt 0:00:47] Threatens to win with ...e4.} 23. axb6+ axb6 24. Bf5 Rxd1 25. Rxd1 {[%emt 0:00:06] [#] aiming for Rd7+.} Bc6 {[%emt 0:00:29] Prevents Rd7+.} 26. Ra1 {[%emt 0:02:34] Black must now prevent Ra7+. &Bianco is more active.} Kb7 {[%emt 0:01:21] Prevents Ra7+.} 27. Ne1 e4 28. Rd1 {[%emt 0:00:46][%cal Of5e4] Against Bd6} Rd8 29. Rd4 Kc7 30. g3 b5 31. Ng2 ({Better is} 31. Bg6 $16) 31... Bd6 $1 $11 {[%emt 0:02:47] The position is equal.} 32. Bxe4 Be5 $1 33. Rxd8 Bxe4 34. Rh8 {[%emt 0:00:18] And now Ne1 would win.} Bxg2 {[%emt 0:00:11] This bishop pair is nice.} 35. Rxh5 {[%emt 0:00:05][%mdl 4096] Endgame} g4 36. Kd3 Kd6 37. Rh8 Kd5 38. Rd8+ Bd6 39. Re8 {[%emt 0:00:42] Hoping for e4+.} f5 {[%emt 0:00:47] Against e4+} 40. Ke2 Be5 41. Rc8 Bd6 42. Rd8 Bf3+ 43. Kd2 Be4 44. Rc8 Bg2 45. Ke2 Be4 46. Kd2 Bg2 47. Ke2 {[%emt 0:00:08] Weighted Error Value: White=0.09 (flawless) /Black=0.07 (flawless)} 1/2-1/2

[Event "LV Capablanca Memorial Premier 2022"]
[Site "La Habana"]
[Date "2022.04.27"]
[Round "8.1"]
[White "Hernandez Moya, Yuleisy"]
[Black "Forgas Moreno, Yaniela"]
[Result "1-0"]
[ECO "B94"]
[WhiteElo "2250"]
[BlackElo "2303"]
[Annotator "TA"]
[PlyCount "39"]
[EventDate "2022.04.20"]
[EventType "tourn"]
[EventCountry "CUB"]
[SourceTitle "playchess.com"]
[Source "ChessBase"]
[SourceQuality "1"]
[TimeControl "40/5400+30:1800+30"]

1. e4 c5 2. Nf3 Nf6 3. Nc3 d6 4. d4 cxd4 5. Nxd4 a6 6. Bg5 Nbd7 7. Bc4 Qa5 8. Qd2 e6 9. O-O-O b5 10. Bb3 {[%emt 0:00:15] 10.Bd5 is more advanced technology.} Bb7 11. Rhe1 {[%emt 0:00:30][%cal Oe4e5] Threatens to win with e5! B94: Sicilian Najdorf: 6 Bg5 Nbd7.} h6 (11... Be7 $1 $11) 12. Bxf6 $16 {[%emt 0:03:13] [#] White is more active.} Nxf6 $146 (12... gxf6 $16 13. Kb1 Rg8) ({Predecessor:} 12... gxf6 13. Kb1 O-O-O 14. a3 h5 15. f4 Nc5 16. f5 Nxb3 17. cxb3 e5 18. b4 Qb6 19. Nb3 d5 20. Nxd5 Qc6 21. Rc1 {1-0 (21) Potthammel,J-Hahn,K DDR 1972}) 13. e5 $1 $18 {[%emt 0:18:06] White has a decisive advantage.} dxe5 {[%emt 0:10:15] [#]} (13... Nd5 {was called for.}) 14. Nxe6 $1 fxe6 15. Rxe5 Rd8 (15... Bb4 $2 16. Rxe6+ Kf8 17. Qf4) 16. Rxe6+ Be7 {[%emt 0:02:45] [#]} 17. Rxe7+ $1 Kxe7 {[%emt 0:00:32] [#]} 18. Nd5+ $1 {[%emt 0:02:08][%mdl 576] Discovered Attack} Ke8 {[%emt 0:01:28] And now ...Qxd2+ would win.} (18... Bxd5 19. Re1+) 19. Nc3 $4 Ke7 $2 {[%emt 0:00:05] [#]} ({Better is} 19... Rxd2 $19 20. Rxd2 Bxg2) 20. Qe3+ $1 {[%emt 0:00:05] Weighted Error Value: White=0.70/Black=2.07} ({Weaker is} 20. Nd5+ Bxd5 21. Re1+ Kf7 22. Qxa5 Bxb3 23. axb3 Rd6 24. Qc7+ Rd7 $18) 1-0

[Event "LV Capablanca Memorial Premier 2022"]
[Site "La Habana"]
[Date "2022.04.27"]
[Round "8.2"]
[White "Hernandez Gil, Ineymig"]
[Black "Kiolbasa, Oliwia"]
[Result "1-0"]
[ECO "C55"]
[WhiteElo "2348"]
[BlackElo "2388"]
[Annotator "TA"]
[PlyCount "115"]
[EventDate "2022.04.20"]
[EventType "tourn"]
[EventCountry "CUB"]
[SourceTitle "playchess.com"]
[Source "ChessBase"]
[SourceQuality "1"]
[TimeControl "40/5400+30:1800+30"]

1. e4 {[%emt 0:00:56] Gelfand,Boris} e5 2. Nf3 Nc6 3. Bc4 Nf6 4. d3 h6 5. O-O d6 6. c3 g5 {[%emt 0:00:49] is recently more successful than 6...g6. C55: Two Knights: 4 d3, 4 d4 exd4 5 e5 and Max Lange Attack.} 7. Nbd2 Bg7 8. Bb3 O-O {[%emt 0:01:48] White has an edge.} 9. Nc4 Be6 10. Re1 Re8 11. h4 g4 12. Nh2 h5 $1 13. Bg5 {[%emt 0:07:15] [#]} d5 $146 (13... Ne7 $14) ({Predecessor:} 13... Qd7 14. Nf1 d5 15. Ncd2 d4 16. Ng3 dxc3 17. bxc3 Qxd3 18. Bxf6 Bxf6 19. Nxh5 Bh8 {1-0 (31) Gelfand,B (2690)-Bareev,E (2670) Munich 1993 CBM 036 [Gelfand,Boris]}) 14. exd5 $18 Bxd5 15. Nf1 Qd7 16. Ng3 $1 b5 (16... Nh7 {was necessary.} 17. Nxh5 Rab8) 17. Ne3 Bxb3 18. axb3 Nh7 19. Nef5 $1 (19. Nxh5 f6 $16) 19... Bf8 20. f3 Nxg5 21. hxg5 Bc5+ 22. Kf1 Kf8 23. fxg4 hxg4 24. Qxg4 {[%emt 0:12:45] Black must now prevent Qh5.} (24. b4 Bb6 25. Re4 Ne7 26. Nxe7 (26. Rxe5 Nxf5 27. Rxf5 Qd6 $11) 26... Kxe7 27. Rxg4 (27. Rxe5+ Kf8 $16) 27... Rad8 $18) 24... Qxd3+ 25. Re2 {[%emt 0:02:01] White threatens Qh5 and mate.} Ne7 26. b4 (26. g6 $142 {Hoping for g7+.} fxg6 27. Qg5 $1) 26... Nxf5 (26... Bb6 27. g6 fxg6) 27. Nxf5 Bb6 28. g6 fxg6 29. Qxg6 Qd7 {[%emt 0:01:22] Inhibits Qg7+.} 30. Rd2 $2 Re6 {[%emt 0:03:53] [#]} 31. Qg5 $40 {[%emt 0:00:22][%mdl 128] White goes for the king. Dancing on a razor blade.} (31. Rxd7 Rxg6 32. Re1 a5 $16) (31. Qh6+ $2 Rxh6 32. Rxd7 Rh1+ 33. Ke2 Rxa1 $19) 31... Qf7 32. Rad1 ({White should play} 32. g4 $18 Rg6 33. Rd8+ Rxd8 34. Qxd8+ Qe8 35. Qh4) 32... c6 $2 {[%emt 0:00:30][%mdl 8192] Loses the game.} (32... Qg6 $14 33. Qxg6 (33. Rd8+ Rxd8 34. Rxd8+ Kf7 $11) 33... Rxg6) 33. g4 ({Weaker is} 33. Rd7 Qg6 34. Qxg6 Rxg6 $18) 33... Rg6 34. Qh5 ({Stronger than} 34. Rd8+ Bxd8 35. Rxd8+ Rxd8 36. Qxd8+ Qe8 $11) 34... Re8 35. Ke1 {[%emt 0:00:45] Strongly threatening Rd7.} Qg8 36. Nh6 (36. Rd7 $142 e4 37. Nd6) 36... Qg7 37. g5 Rxh6 38. Qxh6 Qxh6 39. gxh6 {[%emt 0:00:04][%mdl 4096] Endgame aiming for Rd7. KRR-KRB} Kg8 40. Rd7 {[%emt 0:00:00] Intending Rg7+ and mate.} Re6 41. h7+ Kh8 42. Rb7 Re8 43. Rd6 e4 44. Rxc6 e3 45. Rg6 {[%emt 0:02:42] b3 would kill now.} Rd8 46. b3 {[%emt 0:01:25] White mates.} Rf8 47. c4 Bd4 48. Rg8+ Rxg8 49. hxg8=Q+ Kxg8 50. Rxb5 {[%emt 0:00:27] KR-KB} Kf7 51. Ke2 Ke6 52. Kd3 Bb6 {[%emt 0:00:50] [#]} 53. Rxb6+ $1 axb6 54. Kxe3 Kd7 55. Kd4 Kc6 56. Ke5 Kc7 57. Kd5 Kd7 58. b5 {[%emt 0:00:34] Weighted Error Value: White=0.50/Black=0.41} 1-0

[Event "LV Capablanca Memorial Premier 2022"]
[Site "La Habana"]
[Date "2022.04.27"]
[Round "8.3"]
[White "Bulmaga, Irina"]
[Black "Ordaz Valdes, Lisandra Teresa"]
[Result "1-0"]
[ECO "C54"]
[WhiteElo "2390"]
[BlackElo "2371"]
[Annotator "TA"]
[PlyCount "48"]
[EventDate "2022.04.20"]
[EventType "tourn"]
[EventCountry "CUB"]
[SourceTitle "playchess.com"]
[Source "ChessBase"]
[SourceQuality "1"]
[TimeControl "40/5400+30:1800+30"]

1. e4 e5 2. Nf3 Nc6 3. Bc4 Bc5 4. c3 Nf6 5. d4 exd4 6. e5 d5 7. Bb5 Ne4 8. cxd4 Bb4+ 9. Bd2 Bxd2+ 10. Nbxd2 Bd7 11. Bxc6 Bxc6 {[%emt 0:01:00] C54: Giuoco Piano: 4 c3 Nf6, main lines with 5 d4 and 5 d3.} 12. O-O O-O 13. Qc2 {[%emt 0:02:53] [#]} f5 $146 {[%emt 0:05:18] The position is equal.} ({Predecessor:} 13... Qd7 14. Rac1 a5 15. Rfe1 Ra6 16. Nb3 a4 17. Nc5 Nxc5 18. Qxc5 Rb6 19. Qc2 Qe7 {0-1 (60) Agmanov,Z (2390)-Faizulaev,A (2388) Pavlodar 2018}) 14. exf6 Rxf6 15. Ne5 Nxd2 16. Qxd2 Bb5 17. Rfe1 Qd6 18. a4 Bd7 19. Ra3 Raf8 20. f3 Bf5 21. Rae3 b6 {[%emt 0:05:39] [#]} 22. b4 $1 c6 23. Rc1 Rc8 24. b5 {[%emt 0:00:30] White is more active.} cxb5 {Weighted Error Value: White=0.03 (flawless) /Black=0.07 (flawless)} 1-0